[Event "IV Open RGCC 2018"]
[Site "Gijon"]
[Date "2018.07.28"]
[Round "8"]
[White "Cori Quispe, Kevin Joel"]
[Black "Kaganskiy, Gleb"]
[Result "1/2-1/2"]
[ECO "C50"]
[WhiteElo "2487"]
[BlackElo "2278"]
[Annotator "ChessBase"]
[PlyCount "209"]
[EventDate "2018.07.24"]
[EventType "swiss"]
[EventCountry "ESP"]
[SourceTitle "playchess.com"]
[Source "ChessBase"]
[SourceQuality "1"]
[TimeControl "5400+30"]

1. e4 e5 2. Nf3 Nc6 3. Bc4 Nf6 4. d3 Bc5 5. c3 a5 6. O-O d6 7. a4 h6 8. Re1 O-O 9. h3 Be6 10. Nbd2 Ba7 11. Bxe6 fxe6 12. Nf1 Qe8 13. Be3 Bxe3 14. Rxe3 Ra6 15. N1d2 Nh5 16. Nc4 Nf4 17. Kh2 Qh5 18. Qf1 Nxh3 19. g4 Qxg4 20. Qxh3 Qxh3+ 21. Kxh3 Raa8 22. Rg1 g5 23. Nh2 Kh7 24. Rf3 b6 25. Na3 Rxf3+ 26. Nxf3 Rf8 27. Kg3 Kg6 28. Nb5 Rf7 29. d4 exd4 30. cxd4 Nb4 31. Rd1 h5 32. Ne1 h4+ 33. Kg2 g4 34. Rc1 h3+ 35. Kg3 h2 36. Kxh2 Rxf2+ 37. Kg3 Re2 38. Ng2 Rxe4 39. Rxc7 e5 40. Rd7 d5 41. dxe5 Rxe5 42. Kxg4 Nd3 43. Rd6+ Kg7 44. b3 Re4+ 45. Kg5 Re5+ 46. Kg4 Re4+ 47. Kf3 Rb4 48. Rxb6 Nc5 49. Ne3 Rxb3 50. Rc6 Nxa4 51. Nd4 Rc3 52. Ra6 Nc5 53. Rxa5 Nb3 54. Ndf5+ Kf6 55. Rxd5 Rc5 56. Rd3 Nc1 57. Ra3 Ke5 58. Ng3 Kd4 59. Ra4+ Kd3 60. Ng4 Rc8 61. Nf2+ Kc2 62. Nf5 Kb3 63. Ra7 Rf8 64. Ke4 Re8+ 65. Kd5 Rd8+ 66. Nd6 Ne2 67. Rb7+ Kc2 68. Ke5 Rh8 69. Rc7+ Kb3 70. Ke4 Rd8 71. Rc6 Nc3+ 72. Ke5 Rh8 73. Ng4 Rh5+ 74. Nf5 Kb4 75. Nge3 Nb5 76. Ke4 Rh8 77. Nd5+ Kb3 78. Kd3 Rh1 79. Nfe3 Rh4 80. Nf5 Rh3+ 81. Nde3 Kb4 82. Ne7 Na7 83. N7d5+ Kb5 84. Rc8 Nxc8 85. Kd4 Rh4+ 86. Ke5 Kc5 87. Nf4 Rh1 88. Ne6+ Kc6 89. Nd4+ Kd7 90. Nc4 Rh5+ 91. Ke4 Rh4+ 92. Ke5 Ne7 93. Nb6+ Ke8 94. Nc4 Ng6+ 95. Kd5 Nf4+ 96. Kc6 Kf8 97. Nf5 Rh5 98. Ncd6 Ne6 99. Kd7 Ng7 100. Nxg7 Kxg7 101. Ke6 Rh1 102. Ke5 Kg6 103. Ne4 Rf1 104. Ng3 Rf8 105. Ne4 1/2-1/2

[Event "IV Open RGCC 2018"]
[Site "Gijon"]
[Date "2018.07.28"]
[Round "8"]
[White "Campora, Daniel H"]
[Black "Manolache, Marius"]
[Result "1/2-1/2"]
[ECO "A05"]
[WhiteElo "2405"]
[BlackElo "2494"]
[Annotator "ChessBase"]
[PlyCount "45"]
[EventDate "2018.07.24"]
[EventType "swiss"]
[EventCountry "ESP"]
[SourceTitle "playchess.com"]
[Source "ChessBase"]
[SourceQuality "1"]
[TimeControl "5400+30"]

1. Nf3 Nf6 2. g3 g6 3. Bg2 Bg7 4. O-O O-O 5. c4 d6 6. Nc3 c6 7. d3 a5 8. Bd2 Na6 9. Qc1 Re8 10. Bh6 Bh8 11. h3 Bd7 12. Qd2 Nc5 13. Ng5 a4 14. d4 Ne6 15. Nxe6 Bxe6 16. b3 axb3 17. axb3 Qb6 18. Rab1 Bg7 19. Bxg7 Kxg7 20. Rfd1 Qb4 21. e4 Ra3 22. d5 cxd5 23. Nb5 1/2-1/2

[Event "IV Open RGCC 2018"]
[Site "Gijon"]
[Date "2018.07.28"]
[Round "8"]
[White "Valenzuela Gomez, Fernando"]
[Black "Ardelean, George-Catalin"]
[Result "1/2-1/2"]
[ECO "D31"]
[WhiteElo "2389"]
[BlackElo "2475"]
[Annotator "RC"]
[PlyCount "75"]
[EventDate "2018.07.24"]
[EventType "swiss"]
[EventCountry "ESP"]
[SourceTitle "playchess.com"]
[Source "ChessBase"]
[SourceQuality "1"]
[TimeControl "5400+30"]

1. d4 d5 2. c4 e6 3. Nc3 a6 4. cxd5 exd5 5. Bf4 c6 6. Nf3 Bd6 7. Bxd6 Qxd6 8. e4 dxe4 9. Nxe4 Qe7 10. Qe2 Nh6 11. Nd6+ Kd8 12. Nxc8 Qb4+ 13. Qd2 Re8+ 14. Be2 Qxd2+ 15. Kxd2 Kxc8 16. Bd3 Nd7 17. h3 Nf8 18. g4 f6 19. Rhg1 Nf7 20. g5 Nxg5 21. Nxg5 fxg5 22. Rxg5 Ne6 23. Re5 Kd7 24. d5 Nf4 25. dxc6+ Kxc6 26. Rc1+ Kb6 27. Rxe8 Rxe8 28. Rc4 Nxd3 29. Kxd3 Re5 30. Rg4 g6 31. Rh4 h5 32. Rf4 Kc5 33. Rf7 b6 34. h4 a5 35. Rg7 Re6 36. Rf7 Re5 37. Rg7 Re6 38. Rf7 1/2-1/2

[Event "IV Open RGCC 2018"]
[Site "Gijon"]
[Date "2018.07.29"]
[Round "9"]
[White "Quesada Perez, Yasser"]
[Black "Kaczur, Florian"]
[Result "1/2-1/2"]
[ECO "C78"]
[WhiteElo "2531"]
[BlackElo "2471"]
[Annotator "RC"]
[PlyCount "168"]
[EventDate "2018.07.24"]
[EventType "swiss"]
[EventCountry "ESP"]
[SourceTitle "playchess.com"]
[Source "ChessBase"]
[SourceQuality "1"]
[TimeControl "5400+30"]

1. e4 e5 2. Nf3 Nc6 3. Bb5 a6 4. Ba4 Nf6 5. O-O b5 6. Bb3 Bc5 7. a4 Rb8 8. axb5 axb5 9. Nxe5 Nxe5 10. d4 Bxd4 11. Qxd4 d6 12. Bf4 O-O 13. Nc3 c5 14. Qe3 c4 15. Ba2 b4 16. Ne2 Qc7 17. Bb1 Re8 18. Ng3 Ng6 19. Rd1 Nxf4 20. Qxf4 Re5 21. c3 Be6 22. Ra6 Rb6 23. Ra8+ Rb8 24. Rxb8+ Qxb8 25. Qd2 Rb5 26. Qxd6 Qxd6 27. Rxd6 g5 28. cxb4 Nd7 29. Ne2 Rxb4 30. Rd2 Nc5 31. Nc3 Nb3 32. Rd1 Nc5 33. Rd2 Nb3 34. Rd8+ Kg7 35. Nd1 Nc5 36. Bc2 Bd7 37. f3 Kf6 38. Kf1 Ke7 39. Rg8 Ne6 40. Ke1 Nd4 41. Kd2 Nxc2 42. Kxc2 Ba4+ 43. Kc3 Rb7 44. Nf2 Rb3+ 45. Kxc4 Rxb2 46. Ng4 Rxg2 47. Rxg5 Bd1 48. Re5+ Kf8 49. Ne3 Be2+ 50. Kd4 Rxh2 51. f4 Rh6 52. Rc5 Rd6+ 53. Nd5 Bh5 54. e5 Rd8 55. Ke4 h6 56. f5 Bg4 57. Kf4 Bh3 58. Ra5 Rc8 59. Ra4 Rd8 60. Nf6 Rc8 61. Rb4 Ra8 62. Rc4 Rd8 63. Ne4 Bg2 64. Nd6 f6 65. Rc7 Bd5 66. Rh7 Bg8 67. Rxh6 fxe5+ 68. Kxe5 Ra8 69. Nb7 Re8+ 70. Kf6 Re7 71. Nd8 Rh7 72. Rg6 Rd7 73. Ne6+ Bxe6 74. Kxe6 Re7+ 75. Kf6 Rf7+ 76. Kg5 Rg7 77. Kf6 Rf7+ 78. Ke5 Re7+ 79. Kf4 Ra7 80. Rb6 Kf7 81. Kg5 Rc7 82. Rb1 Rc6 83. Rb7+ Kf8 84. f6 Rc1 1/2-1/2

[Event "IV Open RGCC 2018"]
[Site "Gijon"]
[Date "2018.07.29"]
[Round "9"]
[White "Jimenez Almeida, Luis David"]
[Black "Cori Quispe, Kevin Joel"]
[Result "0-1"]
[ECO "A46"]
[WhiteElo "2223"]
[BlackElo "2487"]
[Annotator "ChessBase"]
[PlyCount "56"]
[EventDate "2018.07.24"]
[EventType "swiss"]
[EventCountry "ESP"]
[SourceTitle "playchess.com"]
[Source "ChessBase"]
[SourceQuality "1"]
[TimeControl "5400+30"]

1. d4 Nf6 2. Nf3 e6 3. Bg5 h6 4. Bxf6 Qxf6 5. e4 d6 6. Nc3 c6 7. a4 e5 8. d5 Be7 9. Be2 Qg6 10. O-O O-O 11. a5 Nd7 12. a6 Nc5 13. Nd2 cxd5 14. Nxd5 Bd8 15. axb7 Bxb7 16. Bf3 Bxd5 17. exd5 f5 18. b4 Nd7 19. Nc4 Rc8 20. Be2 Bb6 21. Nxb6 axb6 22. Bb5 Nf6 23. Bc6 e4 24. Qd4 Ng4 25. f3 exf3 26. Rxf3 Ne5 27. Rf4 Qf6 28. b5 g5 0-1

[Event "IV Open RGCC 2018"]
[Site "Gijon"]
[Date "2018.07.29"]
[Round "9"]
[White "Marino Bravo, Miguel Angel"]
[Black "Campora, Daniel H"]
[Result "1/2-1/2"]
[ECO "A45"]
[WhiteElo "2194"]
[BlackElo "2405"]
[Annotator "NA"]
[PlyCount "91"]
[EventDate "2018.07.24"]
[EventType "swiss"]
[EventCountry "ESP"]
[SourceTitle "playchess.com"]
[Source "ChessBase"]
[SourceQuality "1"]
[TimeControl "5400+30"]

1. d4 Nf6 2. Bf4 d6 3. e3 Nbd7 4. Nf3 Nh5 5. Bg5 h6 6. Bh4 g5 7. Nfd2 Ndf6 8. Bg3 Bg7 9. Be2 Nxg3 10. hxg3 c5 11. c3 Bd7 12. Na3 a6 13. Bf3 Qc7 14. Ne4 Nxe4 15. Bxe4 O-O-O 16. Qb3 Be6 17. Bd5 Bxd5 18. Qxd5 e6 19. Qf3 d5 20. Nc2 f5 21. O-O-O Rhf8 22. Qe2 Kb8 23. f4 g4 24. Ne1 c4 25. Qc2 Rc8 26. Kd2 Rh8 27. b4 Bf6 28. Qa4 Qd6 29. b5 axb5 30. Qxb5 Qa6 31. Qxa6 bxa6 32. Rb1+ Kc7 33. Nc2 Be7 34. Rb2 h5 35. Rhb1 Rb8 36. Rxb8 Rxb8 37. Rxb8 Kxb8 38. Kc1 Kb7 39. Kb2 Kb6 40. Kb1 Kc7 41. Kc1 Kd7 42. Kd2 Ke8 43. Nb4 Bxb4 44. cxb4 a5 45. b5 Kd7 46. a4 1/2-1/2